Description

un terran vs zerg

VOD

https://www.youtube.com/watch?v=tm8yZhBUrkI

Replay - LiquidClem v Serral: Game 8 - Amygdala

Build Order

Get SALT Encoding   

  14  0:17  Supply Depot  
  15  0:39  Barracks  
  15  0:42  Refinery  
  19  1:26  Orbital Command  
  20  1:38  Command Center  
  20  1:46  Supply Depot  
  23  2:10  Factory  
  23  2:19  Barracks Reactor  
  25  2:40  Command Center  
  26  2:50  Orbital Command  
  26  2:57  Barracks  
  27  3:02  Barracks Tech Lab  
  33  3:24  Stimpack  
  35  3:29  Refinery  
  38  3:46  Starport  
  40  3:53  Orbital Command  
  41  4:02  Factory Reactor  
  46  4:14  Supply Depot  
  50  4:18  Orbital Command  
  51  4:24  Refinery  
  53  4:33  Engineering Bay x2  
  53  4:36  Supply Depot  
  62  4:48  Factory Tech Lab  
  62  4:51  Barracks  
  64  4:53  Refinery  
  64  4:59  Supply Depot  
  71  5:08  Terran Infantry Weapons Level 1  
  73  5:14  Terran Infantry Armor Level 1  
  84  5:40  Barracks Reactor  
  85  5:44  Combat Shield  
  97  6:04  Barracks x2  
  104  6:19  Barracks x3  
  109  6:35  Armory  
  109  6:46  Refinery  
  115  6:54  Barracks Reactor x2  
  133  7:26  Terran Infantry Weapons Level 2  
  143  7:39  Terran Infantry Armor Level 2  
  141  8:12  Command Center  
Spawning Tool Build Advisor. Get it on Overwolf

Go to:

Details

  • Created by: yenyeri
  • Published on: Apr 06, 2025
  • Modified on: Apr 27, 2025
  • Patch: 5.0.11
  • Difficulty: Hard
Show
View Real Time Build Order
Export as new Build Order

Comments (0)

There are no comments. Be the first!

Create an account to comment!